AoeStats
← Citizzen

Arena

509679588Analyzed
4v4 RM · 6d ago on Sep 27, 2026· 54m 51s· 8 players
Game mode
Random Map
Map size
Large (8 player)
Population
200
Speed
Normal
Resources
Standard
Victory
Conquest
Starting age
Dark Age
Ending age
Imperial Age
RankedLock teamsTeams togetherTeam positionsShared explorationLock speedFull tech treeHidden civsTurbo modeCheats
Victory
Defeat
🇹🇼 Turks · Taiwan
1033
+15
🇹🇼 Franks · Taiwan
1004
+16
🇹🇼 Britons · Taiwan
959
+18
🇹🇼 Khmer · Taiwan
951
+20
🇵🇪 Teutons · Peru
1037
-18
🇷🇴 Poles · Romania
1020
-18
🇫🇷 Turks · France
1002
-17
🇱🇹 Spanish · Lithuania
985
-16
francis le tueur
12:03 Feudal Age
14:53 Double-Bit Axe
15:02 Horse Collar
15:31 Gold Mining
18:12 Castle Age
23:23 Imperial Age
Citizzen
11:51 Feudal Age
16:51 Castle Age
15:17 Horse Collar
15:25 Double-Bit Axe
17:04 Wheelbarrow
18:11 Heavy Plow
18:24 Bow Saw
24:40 Scale Barding Armor
24:45 Forging
24:38 Husbandry
24:48 Bloodlines
26:20 Hand Cart
25:52 Loom
27:34 Chain Barding Armor
27:50 Iron Casting
29:29 Szlachta Privileges
35:44 Gold Mining
41:59 Imperial Age
39:15 Town Watch
41:09 Stone Mining
42:03 Cavalier
44:45 Blast Furnace
43:26 Light Cavalry
49:00 Winged Hussar
49:43 Treadmill Crane
51:05 Conscription
51:21 Lechitic Legacy
52:44 Chemistry
52:05 Ballistics
51:53 Siege Engineers
Evomartis
4:52 Loom
10:35 Feudal Age
11:32 Double-Bit Axe
16:23 Castle Age
15:40 Horse Collar
18:14 Gold Mining
21:35 Fletching
23:36 Sanctity
29:58 Imperial Age
28:58 Inquisition
barbeytus
11:19 Feudal Age
15:22 Castle Age
13:31 Double-Bit Axe
13:27 Horse Collar
15:44 Wheelbarrow
16:26 Gold Mining
17:29 Bow Saw
21:41 Forging
23:38 Scale Mail Armor
26:01 Iron Casting
25:34 Heavy Plow
25:46 Arson
28:17 Chain Mail Armor
28:05 Squires
34:08 Imperial Age
mcdrumer131
8:01 Loom
11:47 Feudal Age
16:04 Castle Age
14:19 Double-Bit Axe
14:57 Stone Mining
15:14 Horse Collar
17:50 Fletching
18:47 Bow Saw
21:54 Wheelbarrow
22:05 Gold Mining
27:53 Imperial Age
26:04 Bodkin Arrow
26:20 Treadmill Crane
27:11 Padded Archer Armor
27:51 Gold Shaft Mining
28:28 Pikeman
30:08 Bracer
32:58 Yeomen
35:15 Conscription
37:38 Two-Man Saw
36:55 Leather Archer Armor
37:12 Ballistics
37:57 Chemistry
38:57 Murder Holes
39:12 Masonry
40:05 Heavy Plow
40:13 Siege Engineers
41:31 Hand Cart
41:10 Elite Longbowman
42:09 Caravan
42:29 Forging
42:29 Town Watch
43:58 Ring Archer Armor
43:31 Town Patrol
44:27 Iron Casting
50:32 Architecture
51:23 Hoardings
50:49 Warwolf
51:54 Blast Furnace
50:54 Scale Mail Armor
51:00 Scale Barding Armor
52:59 Halberdier
cooldaban
11:23 Feudal Age
11:53 Loom
15:30 Castle Age
13:38 Stone Mining
13:55 Double-Bit Axe
28:25 Scale Barding Armor
28:31 Forging
34:35 Gold Mining
36:06 Scale Mail Armor
35:55 Pikeman
37:04 Gambesons
37:19 Squires
39:05 Wheelbarrow
39:10 Town Watch
40:08 Gold Shaft Mining
39:35 Padded Archer Armor
39:26 Fletching
40:32 Arson
41:41 Chain Mail Armor
42:02 Iron Casting
48:57 Imperial Age
47:27 Husbandry
48:39 Chain Barding Armor
49:32 Hand Cart
49:27 Caravan
49:15 Halberdier
51:05 Blast Furnace
51:00 Town Patrol
50:55 Cavalier
53:01 Plate Mail Armor
53:02 Coinage
54:09 Plate Barding Armor
Holiuken016
0:39 Loom
11:24 Feudal Age
15:46 Castle Age
13:56 Double-Bit Axe
14:15 Horse Collar
19:12 Bloodlines
20:18 Elite Skirmisher
23:21 Fletching
42:59 Heavy Plow
46:43 Wheelbarrow
49:33 Imperial Age
48:13 Hand Cart
48:26 Masonry
48:44 Bow Saw
50:01 Ballistics
49:41 Town Watch
51:35 Chemistry
50:49 Bodkin Arrow
51:32 Crop Rotation
51:28 Town Patrol
52:00 Architecture
52:02 Bracer
52:14 Forging
52:44 Caravan
53:57 Scale Barding Armor
54:09 Double Crossbow
54:56 Murder Holes
55:07 Siege Engineers
55:48 Iron Casting
ChenEn
0:40 Loom
12:40 Feudal Age
14:29 Double-Bit Axe
14:32 Horse Collar
17:09 Castle Age
16:03 Gold Mining
21:44 Imperial Age
19:45 Bow Saw
19:45 Fletching
20:33 Fervor
20:46 Padded Archer Armor
22:20 Leather Archer Armor
28:16 Fortified Wall
28:28 Ballistics
30:36 Wheelbarrow
30:54 Treadmill Crane
36:03 Thumb Ring
39:00 Sanctity
40:02 Bodkin Arrow
40:38 Ring Archer Armor
40:19 Forging
40:10 Scale Mail Armor
42:13 Theocracy
42:04 Conscription
42:08 Hand Cart
42:27 Husbandry
42:38 Bloodlines
43:11 Heavy Camel Rider
47:03 Murder Holes
47:21 Masonry
48:09 Bracer
48:45 Iron Casting
48:18 Scale Barding Armor
50:51 Architecture
51:28 Heavy Plow
52:36 Gold Shaft Mining
53:39 Caravan
53:50 Guilds
56:23 Blast Furnace
Connection lost

Rejoining the realm…

Still unreachable

The connection could not be restored.

Session expired

The server has moved on; the page needs a fresh start.